Stars vs Jets

Created - 24 janvier 2022 at 16:26

Goals
1 2 3 T
Stars 1 0 1 2
Jets 2 1 1 4
Shots
1 2 3 T
Stars 6 11 10 27
Jets 15 17 8 40

GoalsPenalties
1st period
1. Jets , Connor Brown 13 (Aaron Ekblad 27, Bo Horvat 30) at 3:48
2. Jets , Kris Letang 12 (Tyler Toffoli 21, Aaron Ekblad 28) at 14:26 (PP)
3. Stars , Warren Foegele 6 (Jason Robertson 13, Andreas Athanasiou 9) at 18:19
Jordan Greenway (DAL) for Tripping (Minor) at 10:19
Mikko Koivu (DAL) for Hooking (Minor) at 13:14
Kris Letang (WIN) for Hooking (Minor) at 19:47
2nd period
4. Jets , Jaden Schwartz 12 (Aaron Ekblad 29, Patrice Bergeron 24) at 16:37 (PP)
Tucker Poolman (DAL) for Hooking (Minor) at 7:01
Alexander Edler (DAL) for High sticking (Minor) at 14:39
3rd period
5. Stars , Travis Hamonic 6 (Elias Pettersson 23, Andrei Svechnikov 23) at 14:22
6. Jets , Bo Horvat 19 (Ryan Ellis 32, Joonas Donskoi 5) at 16:59 (PP)
Ryan Getzlaf (WIN) for Holding (Minor) at 4:44
Nazem Kadri (WIN) for Tripping (Minor) at 13:54
Tucker Poolman (DAL) for Roughing (Double Minor) at 13:54
Jordan Greenway (DAL) for Tripping (Minor) at 16:51
Goalie Stats
Martin Jones (DAL), 36 saves from 40 shots - (0,900), L, 9-18-2, 60:00 minutes
Semyon Varlamov (WIN), 25 saves from 27 shots - (0,926), W, 24-10-2, 60:00 minutes
3 StarsOfficial
1 - Aaron Ekblad (WIN)
2 - Bo Horvat (WIN)
3 - Travis Hamonic (DAL)
Referees : Dan O'Halloran and Kyle Rehman
Linesman : Trent Knorr and Darren Gibbs
Game Note
No Game Note



Team Name Goals Shots Shots Attemp Shots Blocked PIM HIT PP PK FO%
Stars 227431214300 / 2 (0%)340%
Jets 4408126223 / 6 (50%)060%

Stars
Player Name POS G A P +/- PIM HIT SHT SB MP PP MP PP SHT PK MP PK SHT FO% FOT
Alexander EdlerD000-1230123:372:2404:1900% 0
Andreas AthanasiouC0111002011:110:0000:00023% 13
Andrei SvechnikovLW/RW0111057020:542:2414:5300% 5
Denis GurianovLW/RW0000002020:452:2415:21022% 9
Deryk EngellandD0001041421:061:3404:2400% 0
Dylan LarkinC0000023014:481:3400:00040% 20
Elias PetterssonC0111002020:452:2404:44058% 33
Frans NielsenC000-101007:140:0000:0000% 0
Jason RobertsonLW0111001014:451:3402:0000% 1
Jordan GreenwayLW/RW0000422116:570:0003:0300% 0
Martin NecasC/RW0000024014:481:3400:0000% 0
Mikko KoivuC000-122007:130:0000:00045% 11
Oskar LindblomLW/RW000-103007:140:0000:00050% 2
Ron HainseyD0001000114:440:0000:5000% 0
Ryan SuterD000-1000225:002:2405:4100% 0
Travis HamonicD1011031321:381:3404:5600% 0
Tucker PoolmanD0001620013:520:0000:0000% 0
Warren FoegeleLW/RW1011012011:110:0000:0000% 0
Jets
Player Name POS G A P +/- PIM HIT SHT SB MP PP MP PP SHT PK MP PK SHT FO% FOT
Aaron EkbladD0331033021:464:4621:5000% 0
Alexander SteenLW/RW000000208:470:0002:080100% 1
Bo HorvatC112-1024018:444:0030:00074% 23
Connor BrownRW1010005019:414:3931:5000% 0
Gustav ForslingD000-1000018:100:0002:0800% 0
Jaden SchwartzLW1010012018:225:2610:00067% 3
Jared McCannC/LW0000014012:170:3900:0000% 0
Joonas DonskoiLW/RW0110006016:355:1930:00050% 2
Kris LetangD101-1232221:024:4610:0000% 0
Kris RussellD0001010014:280:0000:0000% 0
Nazem KadriC/LW0000231017:504:3910:0000% 1
Patrice BergeronC0110013021:195:0701:50062% 37
Riley SheahanC000000108:420:0002:08043% 7
Ryan EllisD011-1002022:395:1922:0800% 0
Ryan GetzlafC000-1221012:070:1900:00050% 16
Ryan GravesD000-1011016:350:0001:5000% 0
Tyler ToffoliLW/RW0110022018:225:2610:00025% 4
Zach SanfordC/LW/RW000002106:340:0000:0000% 0

Stars

5 vs 5 Forward
Line #Left WingCenterRight WingPHYDFOFWanted %Time %Time Play
1Andrei SvechnikovElias PetterssonDenis Gurianov0053028%12:19
2Jordan GreenwayDylan LarkinMartin Necas0053030%13:14
3Jason RobertsonAndreas AthanasiouWarren Foegele1222425%11:11
4Oskar LindblomMikko KoivuFrans Nielsen1401616%7:14
5 vs 5 Defense
Line #DefenseDefensePHYDFOFWanted %Time %Time Play
1Alexander EdlerRyan Suter1223026%11:28
2Travis HamonicDeryk Engelland1223031%13:50
3Ron HainseyTucker Poolman1222432%13:54
4Alexander EdlerRyan Suter1221611%4:46
Power Play Forward
Line #Left WingCenterRight WingPHYDFOFWanted %Time %Time Play
1Andrei SvechnikovElias PetterssonDenis Gurianov1225061%2:24
2Jason RobertsonDylan LarkinMartin Necas1225039%1:34
Power Play Defense
Line #DefenseDefensePHYDFOFWanted %Time %Time Play
1Alexander EdlerRyan Suter1225061%2:24
2Travis HamonicDeryk Engelland1225039%1:34
Penalty Kill 4 Players Forward
Line #CenterWingPHYDFOFWanted %Time %Time Play
1Elias PetterssonAndrei Svechnikov1225046%4:36
2Denis GurianovJordan Greenway1225054%5:21
Penalty Kill 4 Players Defense
Line #DefenseDefensePHYDFOFWanted %Time %Time Play
1Alexander EdlerRyan Suter1225057%5:41
2Travis HamonicDeryk Engelland1225043%4:16
Penalty Kill 3 Players
Line #WingPHYDFOFWanted %Time %Time PlayDefenseDefensePHYDFOFWanted %Time %Time Play
1Elias Pettersson12250100%0:08 Alexander EdlerRyan Suter122500%0:00
2Andrei Svechnikov122500%0:00 Travis HamonicDeryk Engelland12250100%0:08
4 vs 4 Forward
Line #CenterWingPHYDFOFWanted %Time %Time Play
1Elias PetterssonAndrei Svechnikov1225066%1:18
2Denis GurianovJordan Greenway1225034%0:41
4 vs 4 Defense
Line #DefensePHYDFOFWanted %Time %Time Play
1Alexander EdlerRyan Suter1225034%50% - 0:41
2Travis HamonicDeryk Engelland1225066%50% - 1:18
Last Minutes Offensive
Left WingCenterRight WingDefenseDefense
Andrei SvechnikovElias PetterssonDenis GurianovAlexander EdlerRyan Suter
Last Minutes Defensive
Left WingCenterRight WingDefenseDefense
Andrei SvechnikovElias PetterssonDenis GurianovAlexander EdlerRyan Suter
Time
Total ForwardTotal DefenseLast Minutes OffensiveLast Minutes Defensive
60:00 60:00 0:000:00
Extra Forwards
Normal PowerPlayPenalty Kill
Andrei Svechnikov, Frans Nielsen, Jason RobertsonElias Pettersson, Frans NielsenJason Robertson
Extra Defensemen
Normal PowerPlayPenalty Kill
Ron Hainsey, Alexander Edler, Travis HamonicRon Hainsey, Ryan SuterTravis Hamonic
Penalty Shots
Elias Pettersson, Andrei Svechnikov, Denis Gurianov, Jordan Greenway, Martin Necas
Goalie
Martin Jones, Jake Oettinger
Custom OT Lines Forwards
Elias Pettersson, Andrei Svechnikov, Denis Gurianov, Jordan Greenway, Martin Necas, Jason Robertson, Andreas Athanasiou, Oskar Lindblom, Mikko Koivu, Frans Nielsen
Custom OT Lines Defensemen
Alexander Edler, Ryan Suter, Travis Hamonic, Deryk Engelland, Ron Hainsey
Scratches
Dominik Simon (Healthy), Brogan Rafferty (Healthy), Scott Harrington (Healthy)

Jets

5 vs 5 Forward
Line #Left WingCenterRight WingPHYDFOFWanted %Time %Time Play
1Nazem KadriBo HorvatConnor Brown1223030%13:12
2Jaden SchwartzPatrice BergeronTyler Toffoli1222929%12:56
3Jared McCannRyan GetzlafJoonas Donskoi0322626%11:16
4Alexander SteenRiley SheahanZach Sanford1221515%6:34
5 vs 5 Defense
Line #DefenseDefensePHYDFOFWanted %Time %Time Play
1Kris LetangGustav Forsling1223333%14:30
2Ryan EllisRyan Graves1223134%14:45
3Aaron EkbladKris Russell1223033%14:28
4Kris LetangAaron Ekblad12261%0:15
Power Play Forward
Line #Left WingCenterRight WingPHYDFOFWanted %Time %Time Play
1Jaden SchwartzPatrice BergeronTyler Toffoli1135054%5:26
2Nazem KadriBo HorvatConnor Brown1135046%4:39
Power Play Defense
Line #DefenseDefensePHYDFOFWanted %Time %Time Play
1Kris LetangAaron Ekblad0145047%4:46
2Joonas DonskoiRyan Ellis0145053%5:19
Penalty Kill 4 Players Forward
Line #CenterWingPHYDFOFWanted %Time %Time Play
1Patrice BergeronConnor Brown0505046%1:50
2Riley SheahanAlexander Steen0505054%2:08
Penalty Kill 4 Players Defense
Line #DefenseDefensePHYDFOFWanted %Time %Time Play
1Aaron EkbladRyan Graves1405046%1:50
2Ryan EllisGustav Forsling1405054%2:08
Penalty Kill 3 Players
Line #WingPHYDFOFWanted %Time %Time PlayDefenseDefensePHYDFOFWanted %Time %Time Play
1Riley Sheahan050500%0:00 Aaron EkbladRyan Graves140500%0:00
2Patrice Bergeron050500%0:00 Ryan EllisGustav Forsling140500%0:00
4 vs 4 Forward
Line #CenterWingPHYDFOFWanted %Time %Time Play
1Bo HorvatNazem Kadri0235082%1:37
2Patrice BergeronJared McCann0235018%0:22
4 vs 4 Defense
Line #DefensePHYDFOFWanted %Time %Time Play
1Gustav ForslingKris Letang0235077%50% - 1:32
2Aaron EkbladRyan Ellis0235023%50% - 0:27
Last Minutes Offensive
Left WingCenterRight WingDefenseDefense
Tyler ToffoliPatrice BergeronConnor BrownKris LetangRyan Ellis
Last Minutes Defensive
Left WingCenterRight WingDefenseDefense
Joonas DonskoiPatrice BergeronConnor BrownRyan EllisRyan Graves
Time
Total ForwardTotal DefenseLast Minutes OffensiveLast Minutes Defensive
60:00 60:00 0:000:00
Extra Forwards
Normal PowerPlayPenalty Kill
Patrice Bergeron, Bo Horvat, Ryan GetzlafJared McCann, Joonas DonskoiBo Horvat
Extra Defensemen
Normal PowerPlayPenalty Kill
Kris Letang, Aaron Ekblad, Ryan EllisRyan Graves, Kris RussellRyan Ellis
Penalty Shots
Jared McCann, Tyler Toffoli, Patrice Bergeron, Jaden Schwartz, Bo Horvat
Goalie
Semyon Varlamov, Laurent Brossoit
Custom OT Lines Forwards
Bo Horvat, Tyler Toffoli, Patrice Bergeron, Jaden Schwartz, Nazem Kadri, Connor Brown, Jared McCann, Joonas Donskoi, Ryan Getzlaf, Zach Sanford
Custom OT Lines Defensemen
Kris Russell, Ryan Ellis, Gustav Forsling, Aaron Ekblad, Ryan Graves
Scratches
Austin Watson (Healthy), Tobias Rieder (Healthy), Connor Clifton (Healthy)


Play-by-Play

1st period


0:01 of 1st period - Denis Gurianov wins face-off versus Nazem Kadri in neutral zone.
0:01 of 1st period - Ryan Suter is hit by Nazem Kadri and loses puck.
0:18 of 1st period - Elias Pettersson is hit by Kris Letang and loses puck.
1:14 of 1st period - Off-side.
1:15 of 1st period - Ryan Getzlaf wins face-off versus Andreas Athanasiou in neutral zone.
2:31 of 1st period - Shot by Alexander Steen.
2:31 of 1st period - Stopped by Martin Jones without a rebound.
2:32 of 1st period - Patrice Bergeron wins face-off versus Dylan Larkin in Stars zone.
2:41 of 1st period - Shot by Patrice Bergeron.
2:41 of 1st period - Stopped by Martin Jones without a rebound.
2:42 of 1st period - Patrice Bergeron wins face-off versus Mikko Koivu in Stars zone.
2:51 of 1st period - Shot by Patrice Bergeron.
2:51 of 1st period - Stopped by Martin Jones without a rebound.
2:52 of 1st period - Patrice Bergeron wins face-off versus Dylan Larkin in Stars zone.
3:00 of 1st period - Tyler Toffoli is hit by Deryk Engelland and loses puck.
3:06 of 1st period - Icing by Martin Necas.
3:07 of 1st period - Dylan Larkin wins face-off versus Riley Sheahan in Stars zone.
3:16 of 1st period - Shot by Riley Sheahan.
3:16 of 1st period - Shot Misses the Net.
3:39 of 1st period - Shot by Alexander Steen.
3:39 of 1st period - Shot Misses the Net.
3:41 of 1st period - Shot by Alexander Steen.
3:41 of 1st period - Stopped by Martin Jones without a rebound.
3:42 of 1st period - Mikko Koivu wins face-off versus Tyler Toffoli in Stars zone.
3:44 of 1st period - Icing by Ryan Suter.
3:45 of 1st period - Bo Horvat wins face-off versus Mikko Koivu in Stars zone.
3:48 of 1st period - Shot by Connor Brown.
3:48 of 1st period - Goal by Connor Brown - Stars : 0 - Jets : 1.
3:49 of 1st period - Oskar Lindblom wins face-off versus Ryan Getzlaf in neutral zone.
4:12 of 1st period - Shot by Joonas Donskoi.
4:12 of 1st period - Stopped by Martin Jones without a rebound.
4:13 of 1st period - Elias Pettersson wins face-off versus Jaden Schwartz in Stars zone.
4:34 of 1st period - Shot by Jaden Schwartz.
4:34 of 1st period - Shot Misses the Net.
4:45 of 1st period - Icing by Travis Hamonic.
4:46 of 1st period - Bo Horvat wins face-off versus Elias Pettersson in Stars zone.
5:07 of 1st period - Shot by Connor Brown.
5:07 of 1st period - Stopped by Martin Jones without a rebound.
5:08 of 1st period - Ryan Getzlaf wins face-off versus Dylan Larkin in Stars zone.
6:13 of 1st period - Ron Hainsey is hit by Nazem Kadri and loses puck.
6:22 of 1st period - Shot by Warren Foegele.
6:22 of 1st period - Shot Misses the Net.
6:24 of 1st period - Shot by Warren Foegele.
6:24 of 1st period - Shot Misses the Net.
6:26 of 1st period - Shot by Warren Foegele.
6:26 of 1st period - Shot Blocked by Kris Letang.
6:28 of 1st period - Shot by Andreas Athanasiou.
6:28 of 1st period - Stopped by Semyon Varlamov with a rebound.
6:30 of 1st period - Shot by Warren Foegele.
6:30 of 1st period - Stopped by Semyon Varlamov without a rebound.
6:31 of 1st period - Jaden Schwartz wins face-off versus Mikko Koivu in Jets zone.
6:31 of 1st period - Jaden Schwartz is hit by Oskar Lindblom.
7:25 of 1st period - Shot by Andrei Svechnikov.
7:25 of 1st period - Stopped by Semyon Varlamov with a rebound.
7:36 of 1st period - Off-side.
7:37 of 1st period - Bo Horvat wins face-off versus Dylan Larkin in neutral zone.
8:04 of 1st period - Shot by Nazem Kadri.
8:04 of 1st period - Shot Blocked by Ron Hainsey.
8:12 of 1st period - Shot by Connor Brown.
8:12 of 1st period - Shot Misses the Net.
9:02 of 1st period - Shot by Jason Robertson.
9:02 of 1st period - Shot Misses the Net.
9:17 of 1st period - Icing by Jason Robertson.
9:18 of 1st period - Ryan Getzlaf wins face-off versus Andreas Athanasiou in Stars zone.
9:57 of 1st period - Shot by Elias Pettersson.
9:57 of 1st period - Shot Misses the Net.
9:59 of 1st period - Shot by Travis Hamonic.
9:59 of 1st period - Shot Misses the Net.
10:01 of 1st period - Shot by Andrei Svechnikov.
10:01 of 1st period - Stopped by Semyon Varlamov without a rebound.
10:02 of 1st period - Mikko Koivu wins face-off versus Patrice Bergeron in Jets zone.
10:14 of 1st period - Icing by Kris Russell.
10:15 of 1st period - Dylan Larkin wins face-off versus Patrice Bergeron in Jets zone.
10:19 of 1st period - Minor Penalty to Jordan Greenway for Tripping.
10:20 of 1st period - Elias Pettersson wins face-off versus Tyler Toffoli in Stars zone.
10:29 of 1st period - Shot by Aaron Ekblad.
10:29 of 1st period - Shot Misses the Net.
10:55 of 1st period - Travis Hamonic is hit by Patrice Bergeron.
11:36 of 1st period - Alexander Edler is hit by Nazem Kadri and loses puck.
11:41 of 1st period - Shot by Bo Horvat.
11:41 of 1st period - Shot Misses the Net.
11:43 of 1st period - Shot by Ryan Ellis.
11:43 of 1st period - Shot Misses the Net.
11:45 of 1st period - Shot by Joonas Donskoi.
11:45 of 1st period - Stopped by Martin Jones without a rebound.
11:46 of 1st period - Elias Pettersson wins face-off versus Patrice Bergeron in Stars zone.
11:57 of 1st period - Shot by Patrice Bergeron.
11:57 of 1st period - Deflect By Tyler Toffoli.
11:57 of 1st period - Stopped by Martin Jones without a rebound.
11:58 of 1st period - Bo Horvat wins face-off versus Denis Gurianov in Stars zone.
12:35 of 1st period - Kris Letang is hit by Travis Hamonic and loses puck.
13:14 of 1st period - Minor Penalty to Mikko Koivu for Hooking.
13:15 of 1st period - Bo Horvat wins face-off versus Elias Pettersson in Stars zone.
13:22 of 1st period - Shot by Connor Brown.
13:22 of 1st period - Stopped by Martin Jones without a rebound.
13:23 of 1st period - Elias Pettersson wins face-off versus Patrice Bergeron in Stars zone.
13:29 of 1st period - Icing by Patrice Bergeron.
13:30 of 1st period - Patrice Bergeron wins face-off versus Elias Pettersson in Jets zone.
13:30 of 1st period - Patrice Bergeron is hit by Andrei Svechnikov.
13:35 of 1st period - Off-side.
13:36 of 1st period - Bo Horvat wins face-off versus Andrei Svechnikov in neutral zone.
13:58 of 1st period - Shot by Nazem Kadri.
13:58 of 1st period - Deflect By Bo Horvat.
13:58 of 1st period - Shot Misses the Net.
14:00 of 1st period - Shot by Nazem Kadri.
14:00 of 1st period - Deflect By Bo Horvat.
14:00 of 1st period - Shot Misses the Net.
14:02 of 1st period - Shot by Joonas Donskoi.
14:02 of 1st period - Stopped by Martin Jones without a rebound.
14:03 of 1st period - Jaden Schwartz wins face-off versus Denis Gurianov in Stars zone.
14:18 of 1st period - Shot by Kris Letang.
14:18 of 1st period - Shot Misses the Net.
14:20 of 1st period - Shot by Aaron Ekblad.
14:20 of 1st period - Stopped by Martin Jones with a rebound.
14:22 of 1st period - Shot by Aaron Ekblad.
14:22 of 1st period - Shot Misses the Net.
14:24 of 1st period - Shot by Tyler Toffoli.
14:24 of 1st period - Shot Misses the Net.
14:26 of 1st period - Shot by Kris Letang.
14:26 of 1st period - Goal by Kris Letang - Stars : 0 - Jets : 2.
14:27 of 1st period - Bo Horvat wins face-off versus Andreas Athanasiou in neutral zone.
14:34 of 1st period - Shot by Connor Brown.
14:34 of 1st period - Shot Misses the Net.
14:46 of 1st period - Shot by Andreas Athanasiou.
14:46 of 1st period - Shot Misses the Net.
14:52 of 1st period - Shot by Jason Robertson.
14:52 of 1st period - Deflect By Andreas Athanasiou.
14:52 of 1st period - Stopped by Semyon Varlamov without a rebound.
14:53 of 1st period - Patrice Bergeron wins face-off versus Elias Pettersson in Jets zone.
15:09 of 1st period - Ryan Suter is hit by Kris Russell and loses puck.
15:22 of 1st period - Ryan Suter is hit by Aaron Ekblad and loses puck.
15:55 of 1st period - Elias Pettersson is hit by Bo Horvat and loses puck.
17:33 of 1st period - Shot by Riley Sheahan.
17:33 of 1st period - Stopped by Martin Jones without a rebound.
17:34 of 1st period - Patrice Bergeron wins face-off versus Andreas Athanasiou in Stars zone.
17:46 of 1st period - Icing by Ron Hainsey.
17:47 of 1st period - Bo Horvat wins face-off versus Andreas Athanasiou in Stars zone.
18:19 of 1st period - Shot by Jason Robertson.
18:19 of 1st period - Deflect By Warren Foegele.
18:19 of 1st period - Goal by Warren Foegele - Stars : 1 - Jets : 2.
18:20 of 1st period - Mikko Koivu wins face-off versus Patrice Bergeron in neutral zone.
18:22 of 1st period - Ryan Suter is hit by Aaron Ekblad and loses puck.
19:26 of 1st period - Shot by Joonas Donskoi.
19:26 of 1st period - Stopped by Martin Jones without a rebound.
19:27 of 1st period - Dylan Larkin wins face-off versus Bo Horvat in Stars zone.
19:27 of 1st period - Dylan Larkin is hit by Bo Horvat.
19:34 of 1st period - Off-side.
19:35 of 1st period - Elias Pettersson wins face-off versus Ryan Getzlaf in neutral zone.
19:35 of 1st period - Tucker Poolman is hit by Jared McCann and loses puck.
19:47 of 1st period - Minor Penalty to Kris Letang for Hooking.
19:48 of 1st period - Dylan Larkin wins face-off versus Riley Sheahan in Jets zone.
Goals for this period are 1 for Stars vs 2 for Jets.
Shots for this period are 6 for Stars vs 15 for Jets.

2nd period


0:01 of 2nd period - Patrice Bergeron wins face-off versus Andrei Svechnikov in neutral zone.
0:17 of 2nd period - Shot by Andrei Svechnikov.
0:17 of 2nd period - Stopped by Semyon Varlamov without a rebound.
0:18 of 2nd period - Riley Sheahan wins face-off versus Dylan Larkin in Jets zone.
0:18 of 2nd period - Riley Sheahan is hit by Dylan Larkin.
1:23 of 2nd period - Shot by Elias Pettersson.
1:23 of 2nd period - Shot Misses the Net.
1:27 of 2nd period - Shot by Denis Gurianov.
1:27 of 2nd period - Stopped by Semyon Varlamov without a rebound.
1:28 of 2nd period - Elias Pettersson wins face-off versus Patrice Bergeron in Jets zone.
1:47 of 2nd period - Shot by Andrei Svechnikov.
1:47 of 2nd period - Shot Misses the Net.
2:16 of 2nd period - Icing by Ron Hainsey.
2:17 of 2nd period - Mikko Koivu wins face-off versus Riley Sheahan in Stars zone.
2:17 of 2nd period - Mikko Koivu is hit by Zach Sanford.
2:25 of 2nd period - Shot by Oskar Lindblom.
2:25 of 2nd period - Shot Misses the Net.
2:49 of 2nd period - Alexander Steen is hit by Frans Nielsen and loses puck.
2:59 of 2nd period - Shot by Zach Sanford.
2:59 of 2nd period - Stopped by Martin Jones without a rebound.
3:00 of 2nd period - Elias Pettersson wins face-off versus Bo Horvat in Stars zone.
3:09 of 2nd period - Shot by Andrei Svechnikov.
3:09 of 2nd period - Stopped by Semyon Varlamov without a rebound.
3:10 of 2nd period - Patrice Bergeron wins face-off versus Dylan Larkin in Jets zone.
3:10 of 2nd period - Patrice Bergeron is hit by Martin Necas.
3:18 of 2nd period - Shot by Jaden Schwartz.
3:18 of 2nd period - Shot Misses the Net.
3:20 of 2nd period - Shot by Jaden Schwartz.
3:20 of 2nd period - Stopped by Martin Jones without a rebound.
3:21 of 2nd period - Bo Horvat wins face-off versus Elias Pettersson in Stars zone.
3:52 of 2nd period - Shot by Bo Horvat.
3:52 of 2nd period - Shot Misses the Net.
4:06 of 2nd period - Shot by Nazem Kadri.
4:06 of 2nd period - Shot Misses the Net.
4:15 of 2nd period - Off-side.
4:16 of 2nd period - Dylan Larkin wins face-off versus Patrice Bergeron in neutral zone.
4:19 of 2nd period - Shot by Jordan Greenway.
4:19 of 2nd period - Stopped by Semyon Varlamov with a rebound.
4:27 of 2nd period - Shot by Patrice Bergeron.
4:27 of 2nd period - Stopped by Martin Jones without a rebound.
4:28 of 2nd period - Joonas Donskoi wins face-off versus Andreas Athanasiou in Stars zone.
4:33 of 2nd period - Shot by Joonas Donskoi.
4:33 of 2nd period - Deflect By Jared McCann.
4:33 of 2nd period - Stopped by Martin Jones without a rebound.
4:34 of 2nd period - Patrice Bergeron wins face-off versus Jason Robertson in Stars zone.
5:10 of 2nd period - Andreas Athanasiou is hit by Kris Letang and loses puck.
5:34 of 2nd period - Shot by Aaron Ekblad.
5:34 of 2nd period - Shot Misses the Net.
5:49 of 2nd period - Icing by Ryan Suter.
5:50 of 2nd period - Bo Horvat wins face-off versus Andreas Athanasiou in Stars zone.
5:50 of 2nd period - Ryan Graves is hit by Alexander Edler and loses puck.
6:34 of 2nd period - Shot by Martin Necas.
6:34 of 2nd period - Stopped by Semyon Varlamov without a rebound.
6:35 of 2nd period - Ryan Getzlaf wins face-off versus Elias Pettersson in Jets zone.
6:35 of 2nd period - Ryan Getzlaf is hit by Andrei Svechnikov.
6:58 of 2nd period - Ron Hainsey is hit by Ryan Getzlaf.
7:01 of 2nd period - Minor Penalty to Tucker Poolman for Hooking.
7:02 of 2nd period - Patrice Bergeron wins face-off versus Denis Gurianov in Stars zone.
7:13 of 2nd period - Shot by Aaron Ekblad.
7:13 of 2nd period - Shot Blocked by Deryk Engelland.
7:15 of 2nd period - Shot by Tyler Toffoli.
7:15 of 2nd period - Deflect By Jaden Schwartz.
7:15 of 2nd period - Shot Misses the Net.
7:17 of 2nd period - Shot by Patrice Bergeron.
7:17 of 2nd period - Shot Blocked by Jordan Greenway.
7:19 of 2nd period - Shot by Aaron Ekblad.
7:19 of 2nd period - Shot Blocked by Deryk Engelland.
7:21 of 2nd period - Shot by Aaron Ekblad.
7:21 of 2nd period - Shot Misses the Net.
7:23 of 2nd period - Shot by Aaron Ekblad.
7:23 of 2nd period - Stopped by Martin Jones without a rebound.
7:24 of 2nd period - Bo Horvat wins face-off versus Elias Pettersson in Stars zone.
7:35 of 2nd period - Connor Brown is hit by Andrei Svechnikov and loses puck.
7:52 of 2nd period - Shot by Connor Brown.
7:52 of 2nd period - Shot Misses the Net.
9:05 of 2nd period - Andreas Athanasiou is hit by Zach Sanford and loses puck.
9:35 of 2nd period - Icing by Ron Hainsey.
9:36 of 2nd period - Andreas Athanasiou wins face-off versus Bo Horvat in Stars zone.
9:50 of 2nd period - Nazem Kadri is hit by Tucker Poolman and loses puck.
10:10 of 2nd period - Martin Necas is hit by Kris Letang and loses puck.
10:26 of 2nd period - Off-side.
10:27 of 2nd period - Elias Pettersson wins face-off versus Tyler Toffoli in neutral zone.
10:32 of 2nd period - Shot by Andrei Svechnikov.
10:32 of 2nd period - Stopped by Semyon Varlamov without a rebound.
10:33 of 2nd period - Elias Pettersson wins face-off versus Patrice Bergeron in Jets zone.
10:33 of 2nd period - Elias Pettersson is hit by Aaron Ekblad.
10:58 of 2nd period - Shot by Elias Pettersson.
10:58 of 2nd period - Stopped by Semyon Varlamov without a rebound.
10:59 of 2nd period - Dylan Larkin wins face-off versus Joonas Donskoi in Jets zone.
11:04 of 2nd period - Shot by Martin Necas.
11:04 of 2nd period - Shot Misses the Net.
11:20 of 2nd period - Off-side.
11:21 of 2nd period - Elias Pettersson wins face-off versus Patrice Bergeron in neutral zone.
11:47 of 2nd period - Patrice Bergeron is hit by Alexander Edler and loses puck.
12:01 of 2nd period - Icing by Elias Pettersson.
12:02 of 2nd period - Elias Pettersson wins face-off versus Ryan Getzlaf in Stars zone.
12:11 of 2nd period - Shot by Joonas Donskoi.
12:11 of 2nd period - Shot Blocked by Alexander Edler.
12:13 of 2nd period - Shot by Ryan Getzlaf.
12:13 of 2nd period - Stopped by Martin Jones with a rebound.
12:15 of 2nd period - Shot by Kris Letang.
12:15 of 2nd period - Stopped by Martin Jones without a rebound.
12:16 of 2nd period - Bo Horvat wins face-off versus Dylan Larkin in Stars zone.
12:23 of 2nd period - Shot by Dylan Larkin.
12:23 of 2nd period - Stopped by Semyon Varlamov without a rebound.
12:24 of 2nd period - Dylan Larkin wins face-off versus Ryan Getzlaf in Jets zone.
12:57 of 2nd period - Shot by Jared McCann.
12:57 of 2nd period - Stopped by Martin Jones without a rebound.
12:58 of 2nd period - Elias Pettersson wins face-off versus Bo Horvat in Stars zone.
13:12 of 2nd period - Off-side.
13:13 of 2nd period - Patrice Bergeron wins face-off versus Mikko Koivu in neutral zone.
13:19 of 2nd period - Icing by Tucker Poolman.
13:20 of 2nd period - Mikko Koivu wins face-off versus Bo Horvat in Stars zone.
13:25 of 2nd period - Gustav Forsling is hit by Oskar Lindblom and loses puck.
13:34 of 2nd period - Connor Brown is hit by Oskar Lindblom and loses puck.
14:39 of 2nd period - Minor Penalty to Alexander Edler for High sticking.
14:40 of 2nd period - Patrice Bergeron wins face-off versus Elias Pettersson in Stars zone.
14:43 of 2nd period - Shot by Joonas Donskoi.
14:43 of 2nd period - Deflect By Patrice Bergeron.
14:43 of 2nd period - Shot Blocked by Deryk Engelland.
14:45 of 2nd period - Shot by Ryan Ellis.
14:45 of 2nd period - Stopped by Martin Jones without a rebound.
14:46 of 2nd period - Elias Pettersson wins face-off versus Patrice Bergeron in Stars zone.
15:01 of 2nd period - Shot by Joonas Donskoi.
15:01 of 2nd period - Stopped by Martin Jones without a rebound.
15:02 of 2nd period - Elias Pettersson wins face-off versus Patrice Bergeron in Stars zone.
16:13 of 2nd period - Shot by Ryan Ellis.
16:13 of 2nd period - Stopped by Martin Jones with a rebound.
16:15 of 2nd period - Shot by Connor Brown.
16:15 of 2nd period - Shot Blocked by Deryk Engelland.
16:21 of 2nd period - Shot by Connor Brown.
16:21 of 2nd period - Deflect By Bo Horvat.
16:21 of 2nd period - Stopped by Martin Jones without a rebound.
16:22 of 2nd period - Patrice Bergeron wins face-off versus Denis Gurianov in Stars zone.
16:35 of 2nd period - Shot by Patrice Bergeron.
16:35 of 2nd period - Shot Misses the Net.
16:37 of 2nd period - Shot by Aaron Ekblad.
16:37 of 2nd period - Deflect By Jaden Schwartz.
16:37 of 2nd period - Goal by Jaden Schwartz - Stars : 1 - Jets : 3.
16:38 of 2nd period - Andreas Athanasiou wins face-off versus Riley Sheahan in neutral zone.
16:59 of 2nd period - Shot by Ryan Ellis.
16:59 of 2nd period - Shot Misses the Net.
17:06 of 2nd period - Alexander Steen is hit by Deryk Engelland and loses puck.
17:09 of 2nd period - Shot by Ryan Graves.
17:09 of 2nd period - Stopped by Martin Jones without a rebound.
17:10 of 2nd period - Ryan Getzlaf wins face-off versus Elias Pettersson in Stars zone.
17:14 of 2nd period - Icing by Ron Hainsey.
17:15 of 2nd period - Patrice Bergeron wins face-off versus Andrei Svechnikov in Stars zone.
17:45 of 2nd period - Shot by Tyler Toffoli.
17:45 of 2nd period - Stopped by Martin Jones without a rebound.
17:46 of 2nd period - Ryan Getzlaf wins face-off versus Dylan Larkin in Stars zone.
18:11 of 2nd period - Shot by Ryan Getzlaf.
18:11 of 2nd period - Deflect By Joonas Donskoi.
18:11 of 2nd period - Stopped by Martin Jones without a rebound.
18:12 of 2nd period - Elias Pettersson wins face-off versus Patrice Bergeron in Stars zone.
18:23 of 2nd period - Shot by Elias Pettersson.
18:23 of 2nd period - Stopped by Semyon Varlamov without a rebound.
18:24 of 2nd period - Bo Horvat wins face-off versus Andreas Athanasiou in Jets zone.
19:32 of 2nd period - Shot by Jared McCann.
19:32 of 2nd period - Shot Misses the Net.
19:34 of 2nd period - Shot by Ryan Getzlaf.
19:34 of 2nd period - Shot Misses the Net.
19:36 of 2nd period - Shot by Aaron Ekblad.
19:36 of 2nd period - Stopped by Martin Jones without a rebound.
19:37 of 2nd period - Dylan Larkin wins face-off versus Patrice Bergeron in Stars zone.
19:41 of 2nd period - Martin Necas is hit by Jaden Schwartz and loses puck.
19:46 of 2nd period - Shot by Dylan Larkin.
19:46 of 2nd period - Stopped by Semyon Varlamov without a rebound.
19:47 of 2nd period - Elias Pettersson wins face-off versus Ryan Getzlaf in Jets zone.
19:50 of 2nd period - Shot by Denis Gurianov.
19:50 of 2nd period - Stopped by Semyon Varlamov without a rebound.
19:51 of 2nd period - Tyler Toffoli wins face-off versus Dylan Larkin in Jets zone.
Goals for this period are 0 for Stars vs 1 for Jets.
Shots for this period are 11 for Stars vs 17 for Jets.

3rd period


0:01 of 3rd period - Ryan Getzlaf wins face-off versus Dylan Larkin in neutral zone.
0:03 of 3rd period - Ryan Graves is hit by Alexander Edler and loses puck.
0:47 of 3rd period - Joonas Donskoi is hit by Martin Necas and loses puck.
0:57 of 3rd period - Joonas Donskoi is hit by Deryk Engelland and loses puck.
1:12 of 3rd period - Shot by Elias Pettersson.
1:12 of 3rd period - Shot Misses the Net.
1:14 of 3rd period - Shot by Andrei Svechnikov.
1:14 of 3rd period - Stopped by Semyon Varlamov without a rebound.
1:15 of 3rd period - Patrice Bergeron wins face-off versus Mikko Koivu in Jets zone.
1:15 of 3rd period - Patrice Bergeron is hit by Mikko Koivu.
2:17 of 3rd period - Shot by Elias Pettersson.
2:17 of 3rd period - Shot Blocked by Kris Letang.
2:19 of 3rd period - Shot by Deryk Engelland.
2:19 of 3rd period - Stopped by Semyon Varlamov without a rebound.
2:20 of 3rd period - Alexander Steen wins face-off versus Dylan Larkin in Jets zone.
2:42 of 3rd period - Shot by Martin Necas.
2:42 of 3rd period - Stopped by Semyon Varlamov without a rebound.
2:43 of 3rd period - Bo Horvat wins face-off versus Andrei Svechnikov in Jets zone.
2:58 of 3rd period - Shot by Ryan Graves.
2:58 of 3rd period - Shot Blocked by Travis Hamonic.
3:21 of 3rd period - Bo Horvat is hit by Travis Hamonic and loses puck.
3:55 of 3rd period - Shot by Dylan Larkin.
3:55 of 3rd period - Deflect By Martin Necas.
3:55 of 3rd period - Shot Misses the Net.
3:59 of 3rd period - Shot by Jordan Greenway.
3:59 of 3rd period - Shot Misses the Net.
4:01 of 3rd period - Shot by Jordan Greenway.
4:01 of 3rd period - Stopped by Semyon Varlamov with a rebound.
4:07 of 3rd period - Shot by Martin Necas.
4:07 of 3rd period - Stopped by Semyon Varlamov without a rebound.
4:08 of 3rd period - Ryan Getzlaf wins face-off versus Andreas Athanasiou in Jets zone.
4:08 of 3rd period - Ryan Getzlaf is hit by Warren Foegele.
4:16 of 3rd period - Shot by Joonas Donskoi.
4:16 of 3rd period - Deflect By Jared McCann.
4:16 of 3rd period - Stopped by Martin Jones with a rebound.
4:44 of 3rd period - Minor Penalty to Ryan Getzlaf for Holding.
4:45 of 3rd period - Riley Sheahan wins face-off versus Andrei Svechnikov in Jets zone.
5:48 of 3rd period - Icing by Alexander Edler.
5:49 of 3rd period - Patrice Bergeron wins face-off versus Elias Pettersson in Stars zone.
5:55 of 3rd period - Icing by Ryan Suter.
5:56 of 3rd period - Riley Sheahan wins face-off versus Elias Pettersson in Stars zone.
6:40 of 3rd period - Dylan Larkin is hit by Ryan Graves and loses puck.
7:02 of 3rd period - Icing by Ryan Getzlaf.
7:03 of 3rd period - Andreas Athanasiou wins face-off versus Ryan Getzlaf in Jets zone.
7:08 of 3rd period - Shot by Jason Robertson.
7:08 of 3rd period - Stopped by Semyon Varlamov without a rebound.
7:09 of 3rd period - Patrice Bergeron wins face-off versus Mikko Koivu in Jets zone.
7:13 of 3rd period - Off-side.
7:14 of 3rd period - Patrice Bergeron wins face-off versus Dylan Larkin in neutral zone.
7:14 of 3rd period - Patrice Bergeron is hit by Jordan Greenway.
7:27 of 3rd period - Shot by Patrice Bergeron.
7:27 of 3rd period - Deflect By Tyler Toffoli.
7:27 of 3rd period - Shot Blocked by Travis Hamonic.
8:15 of 3rd period - Nazem Kadri is hit by Deryk Engelland and loses puck.
8:27 of 3rd period - Nazem Kadri is hit by Travis Hamonic and loses puck.
8:48 of 3rd period - Bo Horvat is hit by Andrei Svechnikov and loses puck.
9:53 of 3rd period - Icing by Andreas Athanasiou.
9:54 of 3rd period - Patrice Bergeron wins face-off versus Andreas Athanasiou in Stars zone.
9:54 of 3rd period - Patrice Bergeron is hit by Tucker Poolman.
10:20 of 3rd period - Tucker Poolman is hit by Tyler Toffoli and loses puck.
12:17 of 3rd period - Shot by Dylan Larkin.
12:17 of 3rd period - Stopped by Semyon Varlamov without a rebound.
12:18 of 3rd period - Patrice Bergeron wins face-off versus Oskar Lindblom in Jets zone.
12:20 of 3rd period - Aaron Ekblad is hit by Mikko Koivu and loses puck.
12:45 of 3rd period - Mikko Koivu is hit by Tyler Toffoli.
13:39 of 3rd period - Ryan Graves is hit by Jordan Greenway and loses puck.
13:44 of 3rd period - Shot by Martin Necas.
13:44 of 3rd period - Stopped by Semyon Varlamov without a rebound.
13:45 of 3rd period - Elias Pettersson wins face-off versus Ryan Getzlaf in Jets zone.
13:46 of 3rd period - Shot by Andrei Svechnikov.
13:46 of 3rd period - Stopped by Semyon Varlamov without a rebound.
13:47 of 3rd period - Bo Horvat wins face-off versus Elias Pettersson in Jets zone.
13:47 of 3rd period - Bo Horvat is hit by Andrei Svechnikov.
13:54 of 3rd period - Minor Penalty to Nazem Kadri for Tripping.
13:54 of 3rd period - Double Minor Penalty to Tucker Poolman for Roughing.
13:55 of 3rd period - Elias Pettersson wins face-off versus Bo Horvat in Stars zone.
13:55 of 3rd period - Elias Pettersson is hit by Ryan Getzlaf.
14:20 of 3rd period - Shot by Elias Pettersson.
14:20 of 3rd period - Shot Misses the Net.
14:22 of 3rd period - Shot by Travis Hamonic.
14:22 of 3rd period - Goal by Travis Hamonic - Stars : 2 - Jets : 3.
14:23 of 3rd period - Patrice Bergeron wins face-off versus Denis Gurianov in neutral zone.
14:44 of 3rd period - Shot by Patrice Bergeron.
14:44 of 3rd period - Deflect By Jared McCann.
14:44 of 3rd period - Stopped by Martin Jones without a rebound.
14:45 of 3rd period - Patrice Bergeron wins face-off versus Elias Pettersson in Stars zone.
15:14 of 3rd period - Shot by Bo Horvat.
15:14 of 3rd period - Stopped by Martin Jones with a rebound.
16:12 of 3rd period - Shot by Joonas Donskoi.
16:12 of 3rd period - Shot Misses the Net.
16:14 of 3rd period - Shot by Joonas Donskoi.
16:14 of 3rd period - Shot Misses the Net.
16:32 of 3rd period - Shot by Nazem Kadri.
16:32 of 3rd period - Stopped by Martin Jones without a rebound.
16:33 of 3rd period - Denis Gurianov wins face-off versus Ryan Getzlaf in Stars zone.
16:51 of 3rd period - Minor Penalty to Jordan Greenway for Tripping.
16:52 of 3rd period - Bo Horvat wins face-off versus Elias Pettersson in Stars zone.
16:59 of 3rd period - Shot by Bo Horvat.
16:59 of 3rd period - Goal by Bo Horvat - Stars : 2 - Jets : 4.
17:00 of 3rd period - Patrice Bergeron wins face-off versus Denis Gurianov in neutral zone.
18:10 of 3rd period - Shot by Connor Brown.
18:10 of 3rd period - Stopped by Martin Jones without a rebound.
18:11 of 3rd period - Bo Horvat wins face-off versus Denis Gurianov in Stars zone.
18:12 of 3rd period - Shot by Kris Letang.
18:12 of 3rd period - Shot Misses the Net.
18:20 of 3rd period - Shot by Bo Horvat.
18:20 of 3rd period - Stopped by Martin Jones with a rebound.
18:22 of 3rd period - Shot by Aaron Ekblad.
18:22 of 3rd period - Shot Misses the Net.
18:24 of 3rd period - Shot by Connor Brown.
18:24 of 3rd period - Shot Blocked by Ryan Suter.
18:30 of 3rd period - Shot by Kris Letang.
18:30 of 3rd period - Shot Blocked by Ryan Suter.
18:32 of 3rd period - Shot by Kris Letang.
18:32 of 3rd period - Shot Misses the Net.
18:34 of 3rd period - Shot by Connor Brown.
18:34 of 3rd period - Stopped by Martin Jones without a rebound.
18:35 of 3rd period - Elias Pettersson wins face-off versus Patrice Bergeron in Stars zone.
18:50 of 3rd period - Shot by Jaden Schwartz.
18:50 of 3rd period - Shot Blocked by Travis Hamonic.
19:26 of 3rd period - Ryan Graves is hit by Dylan Larkin and loses puck.
Goals for this period are 1 for Stars vs 1 for Jets.
Shots for this period are 10 for Stars vs 8 for Jets.